 Dungeon Crawl Stone Soup version 0.32-a0-599-gba8f9cf90e (webtiles) character file.

Game seed: 16723539048330303340

14553 Sobieck the Earth Mage (level 11, -3/74 HPs)
             Began as a Mountain Dwarf Earth Elementalist on Mar 2, 2024.
             Was a Follower of Vehumet.
             Slain by a two-headed ogre
             ... wielding a +0 giant spiked club
              (21 damage)
             ... on level 11 of the Dungeon.
             The game lasted 00:24:39 (13327 turns).

Sobieck the Earth Mage (MDEE)                      Turns: 13327, Time: 00:24:40

Health: -3/74      AC:  7    Str: 11    XL:     11   Next: 90%
Magic:  33/33      EV: 11    Int: 20    God:    Vehumet [*.....]
Gold:   609        SH:  0    Dex: 10    Spells: 19/28 levels left

rFire   . . .        k - +1 sling (flame)
rCold   . . .        B - orb {*channel}
rNeg    . . .        h - +0 robe of Jeicvifa {MP+9}
rPois   .            (no helmet)
rElec   .            f - +0 cloak
rCorr   .            i - +0 pair of gloves
SInv    .            r - +1 pair of boots
Will    +....        m - amulet of the acrobat
Stlth   ++           (no ring)
HPRegen 0.32/turn    (no ring)
MPRegen 0.23/turn

%: acrobat, channel magic (20%)
@: hasted, very quick
A: runic magic, artefact enchanting
a: Renounce Religion


You were on level 11 of the Dungeon.
You worshipped Vehumet.
Vehumet was aware of your devotion.
You visited 2 branches of the dungeon, and saw 12 of its levels.

You collected 717 gold pieces.
You spent 108 gold pieces at shops.

Inventory:

Hand Weapons
 k - a +1 sling of flaming (weapon)
Missiles
 F - 3 curare-tipped darts
 Z - 2 throwing nets
Armour
 a - a +0 robe
 e - a +0 ring mail
 f - a +0 cloak (worn)
 g - a +0 kite shield
 h - the +0 robe of Jeicvifa (worn) {MP+9}
   (You found it on level 3 of the Dungeon)

   MP+9:      It affects your magic capacity (+9).
 i - a +0 pair of gloves (worn)
 r - a +1 pair of boots (worn)
 y - a +0 cloak
 A - a +0 plate armour
 B - an orb of energy (worn)
Jewellery
 m - an amulet of the acrobat (around neck)
 o - an amulet of faith
Wands
 p - a wand of polymorph (41)
 v - a wand of mindburst (3)
 x - a wand of light (4)
 E - a wand of charming (8)
 I - a wand of iceblast (11)
 V - a wand of flame (13)
Scrolls
 q - a scroll of enchant weapon
 s - a scroll of immolation
 t - 2 scrolls of amnesia
 w - a scroll of fog
 C - a scroll of vulnerability
 T - a scroll of teleportation
Potions
 b - a potion of magic
 c - 2 potions of mutation
 d - a potion of cancellation
 j - 3 potions of lignification
 l - a potion of berserk rage
 n - 2 potions of enlightenment
 z - 2 potions of attraction
 H - a potion of haste
 Q - 2 potions of curing


   Skills:
 - Level 6.2 Armour
 - Level 1.3 Dodging
 - Level 1.4 Stealth
 + Level 9.3 Spellcasting
 - Level 0.8 Conjurations
 * Level 16.5 Earth Magic


You had 19 spell levels left.
You knew the following spells:

 Your Spells              Type           Power      Damage    Failure   Level
a - Sandblast             Erth           100%       2d20      1%          1
b - Stone Arrow           Conj/Erth      88%        3d12      4%          3
c - Lee's Rapid Deconstr  Erth           33%        3d17*     2%          5

Your spell library contained the following spells:

 Spells                   Type           Power      Damage    Failure   Level
 Freeze                   Ice            36%        1d5       21%         1
 Passwall                 Erth           66%        N/A       1%          3
 Brom's Barrelling Bould  Conj/Erth      44%        2d6       8%          4
 Leda's Liquefaction      Alch/Erth      21%        N/A       10%         4
 Petrify                  Alch/Erth      42%        N/A       10%         4
 Magic Dart               Conj           48%        1d5       16%         1
 Shock                    Conj/Air       44%        1d5       17%         1
 Blink                    Tloc           18%        N/A       26%         2
 Call Imp                 Summ           18%        N/A       26%         2
 Jinxbite                 Hex            18%        N/A       26%         2
 Summon Ice Beast         Ice/Summ       9%         N/A       43%         3
 Swiftness                Air            9%         N/A       43%         3
 Bombard                  Conj/Erth      22%        9d4       54%         6
 Airstrike                Air            4%         2d(1-17)  78%         4
 Olgreb's Toxic Radiance  Alch           9%         N/A       78%         4
 Vhi's Electric Charge    Tloc/Air       18%        N/A       78%         4
 Arcjolt                  Conj/Air       5%         1d15      95%         5
 Summon Mana Viper        Hex/Summ       9%         N/A       97%         5
 Yara's Violent Unravell  Hex/Alch       4%         3d4       97%         5
 Plasma Beam              Fire/Air       4%         2x1d14    100%        6
 Enfeeble                 Hex            4%         N/A       100%        7
 Monstrous Menagerie      Summ           4%         N/A       100%        7
 Ozocubu's Refrigeration  Ice            4%         4d8       100%        7
 Discord                  Hex            4%         N/A       100%        8


Dungeon Overview and Level Annotations

Branches:
Dungeon (11/15)            Temple (1/1) D:5            Lair (0/5) D:11
    Orc (0/2) D:11

Altars:
Ashenzari
Cheibriados
Dithmenos
Elyvilon
Fedhas
Gozag
Hepliaklqana
Kikubaaqudgha
Makhleb
Nemelex Xobeh
Okawaru
Qazlal
Ru
Sif Muna
Trog
Uskayaw
Vehumet
Wu Jian
Xom
Yredelemnul
Zin
The Shining One

Shops:
D:5 *

Annotations:
D:7 vault still to do


Innate Abilities, Weirdness & Mutations

Your spellcasting is much less encumbered by armour.
You can use scrolls of enchantment on lesser artefacts.


Message History

There is a stone staircase leading down here.
Danger!
Unknown command.
Unknown command.
Unknown command.
Casting: Stone Arrow (dangerous; 4% risk of failure)
Confirm with . or Enter, or press ? or * to list all spells.
Aiming: Lee's Rapid Deconstruction (dangerous; 2% risk of failure)
Press: ? - help, Dir - move target A metal wall.
The metal wall shatters!
The blast of metal fragments hits the cyclops!!
The cyclops is heavily wounded.
The two-headed ogre shouts in stereo!
Casting: Lee's Rapid Deconstruction (dangerous; 2% risk of failure)
Confirm with . or Enter, or press ? or * to list all spells.
Aiming: Lee's Rapid Deconstruction (dangerous; 2% risk of failure)
Press: ? - help, Dir - move target A metal wall.
The metal wall shatters!
The blast of metal fragments hits the cyclops!!
You kill the cyclops!
Vehumet accepts your kill. Magical energy flows into your mind!
You climb downwards.
There is a stone staircase leading up here.
Unknown command.
Unknown command.
You start resting.
Magic restored.
Unknown command.
You climb upwards.
The two-headed ogre hits you with a +0 giant spiked club!
The two-headed ogre hits you with a +0 giant club!
There is a stone staircase leading down here.
Danger!
Unknown command.
Unknown command.
Unknown command.
The two-headed ogre hits you with a +0 giant spiked club!!
* * * LOW HITPOINT WARNING * * *
The two-headed ogre hits you with a +0 giant club!
* * * LOW HITPOINT WARNING * * *
You climb downwards.
There is a stone staircase leading up here.
Okay, then.
Unknown command.
You feel yourself speed up.
The two-headed ogre hits you with a +0 giant spiked club!!
You die...

######## #......#### #####
#.####.##.####### #...#
#<#.......@....(#####...#
#.#.##.##O#####.........###
#)[....#### ####.........
#.[....# #..)......
###[#### #......).. #[##
#.##...### #..#
...##.##...# ####.###
...##.##...# #......#
...##.######


You could see a two-headed ogre.

Vanquished Creatures
  2 two-headed ogres
  A tengu warrior (D:10)
  Pikel (D:7)
  A cyclops (D:10)
  Maurice (D:7)
  2 unseen horrors (D:7)
  2 kobold demonologists (D:9)
  A komodo dragon (D:10)
  Psyche (D:10)
  A troll (D:7)
  2 hornets
  Sigmund (D:4)
  3 wyverns
  A wraith (D:10)
  A warg (D:11)
  17 yaks
  Eustachio (D:5)
  3 steam dragons
  Menkaure (D:4)
  3 acid dragons
  3 water moccasins
  Duvessa (D:7)
  Edmund (D:5)
  3 sky beasts
  6 orc warriors
  An ice beast (D:8)
  2 ogres (D:7)
  3 centaurs
  A lemure (D:7)
  3 phantoms
  5 kobold brigands
  Blork the orc (D:5)
  4 bullfrogs
  A gnoll sergeant (D:7)
  5 scorpions
  5 wights (D:6)
  Dowan (D:7)
  2 jellies
  14 killer bees
  4 howler monkeys
  2 bombardier beetles (D:7)
  A lava snake (D:10)
  3 hounds
  3 gnoll boudas
  6 orc priests
  An iguana (D:4)
  4 sleepcaps
  11 orc wizards
  15 gnolls
  5 adders
  2 ufetubi (D:6)
  3 dart slugs
  3 ribbon worms
  43 orcs
  4 ball pythons
  12 endoplasms
  A giant cockroach (D:1)
  10 goblins
  7 hobgoblins
  2 jackals (D:4)
  16 kobolds
  2 quokkas (D:1)
  10 bats
  2 frilled lizards
  5 rats
285 creatures vanquished.

Vanquished Creatures (others)
  A butterfly (D:7)
1 creature vanquished.

Grand Total: 286 creatures vanquished

Notes
Turn   | Place    | Note
-------+----------+-------------------------------------------
     0 | D:1      | Sobieck the Mountain Dwarf Earth Elementalist began the
                  | quest for the Orb.
     0 | D:1      | Reached XP level 1. HP: 14/14 MP: 3/3
   397 | D:1      | Reached XP level 2. HP: 20/20 MP: 1/4
   537 | D:1      | Reached skill level 1 in Armour
   990 | D:1      | Reached skill level 4 in Earth Magic
  1048 | D:1      | Reached XP level 3. HP: 26/26 MP: 2/6
  1052 | D:1      | Learned a level 3 spell: Stone Arrow
  1701 | D:2      | Reached XP level 4. HP: 33/33 MP: 7/7
  2375 | D:3      | Identified the +0 robe of Jeicvifa {MP+9}
  2549 | D:3      | Reached skill level 5 in Earth Magic
  2763 | D:3      | Found a burning altar of Makhleb.
  2763 | D:3      | Noticed a green death
  2794 | D:4      | Noticed a phantom
  2794 | D:4      | Noticed a phantom
  2802 | D:3      | Killed a phantom
  2803 | D:3      | Reached XP level 5. HP: 31/38 MP: 9/9
  2840 | D:4      | Noticed a phantom
  2847 | D:3      | Killed a phantom
  2848 | D:3      | Reached skill level 3 in Armour
  2848 | D:3      | Reached skill level 3 in Spellcasting
  2848 | D:3      | Reached XP level 6. HP: 32/45 MP: 10/10
  2911 | D:4      | Reached skill level 6 in Earth Magic
  3227 | D:4      | Noticed Sigmund
  3436 | D:4      | Killed Sigmund
  3437 | D:4      | Reached skill level 7 in Earth Magic
  3437 | D:4      | Reached XP level 7. HP: 50/50 MP: 12/12
  3508 | D:4      | Noticed Menkaure
  3514 | D:4      | Killed Menkaure
  3711 | D:5      | Entered Level 5 of the Dungeon
  3714 | D:5      | Found a staircase to the Ecumenical Temple.
  3735 | Temple   | Entered the Ecumenical Temple
  3752 | D:5      | Found Hulif's General Store.
  3770 | D:5      | Bought a scroll of fear for 48 gold pieces
  3770 | D:5      | Bought a scroll of teleportation for 36 gold pieces
  3770 | D:5      | Bought a scroll of identify for 24 gold pieces
  3803 | D:5      | Noticed Eustachio
  3822 | D:5      | Killed Eustachio
  3833 | D:5      | Reached skill level 8 in Earth Magic
  3833 | D:5      | Reached XP level 8. HP: 57/57 MP: 1/14
  3840 | D:5      | Noticed Edmund
  4176 | D:5      | Noticed Blork the orc
  4181 | D:5      | Killed Blork the orc
  4262 | D:5      | Killed Edmund
  4408 | D:5      | Found a stormy altar of Qazlal.
  4689 | D:6      | Reached skill level 9 in Earth Magic
  4934 | D:6      | Found an ancient bone altar of Kikubaaqudgha.
  5156 | D:6      | Reached skill level 6 in Armour
  5189 | D:6      | Reached XP level 9. HP: 52/62 MP: 16/16
  5394 | D:6      | Reached skill level 10 in Earth Magic
  5655 | D:7      | Noticed Pikel
  5660 | D:6      | Paralysed by a hornet for 1 turns
  5661 | D:6      | HP: 1/62 [poisoned by a hornet]
  5961 | D:7      | Noticed Duvessa
  5966 | D:7      | Noticed Dowan
  6079 | D:7      | Killed Duvessa
  6082 | D:7      | Killed Dowan
  6277 | D:7      | Reached skill level 11 in Earth Magic
  6344 | D:7      | Reached skill level 6 in Spellcasting
  6664 | D:6      | Learned a level 5 spell: Lee's Rapid Deconstruction
  6882 | D:7      | Found a hazy altar of Hepliaklqana.
  6891 | D:7      | Reached skill level 12 in Earth Magic
  6953 | D:7      | Reached XP level 10. HP: 26/69 MP: 6/19
  6955 | D:7      | Noticed Maurice
  7249 | D:7      | Killed Maurice
  7498 | D:7      | Found a white marble altar of Elyvilon.
  7548 | D:7      | Killed Pikel
  7671 | D:7      | Reached skill level 13 in Earth Magic
  7683 | D:7      | Noticed a boulder beetle
  9060 | D:8      | Reached skill level 14 in Earth Magic
  9434 | D:8      | Found a sacrificial altar of Ru.
  9800 | D:8      | Found a sparkling altar of Nemelex Xobeh.
 10332 | D:9      | Paralysed by a hornet for 1 turns
 10334 | D:9      | Reached XP level 11. HP: 61/74 MP: 23/23
 10806 | D:9      | Found a radiant altar of Vehumet.
 10818 | D:9      | Became a worshipper of Vehumet
 10901 | D:9      | Reached skill level 15 in Earth Magic
 11336 | D:10     | Entered Level 10 of the Dungeon
 11394 | D:10     | Noticed a two-headed ogre
 11399 | D:10     | Killed a two-headed ogre
 12005 | D:10     | Found an ornate altar of the Wu Jian Council.
 12033 | D:10     | Reached * piety under Vehumet
 12033 | D:10     | Offered knowledge of Freeze by Vehumet.
 12282 | D:10     | Found a glowing silver altar of Zin.
 12282 | D:10     | Noticed an angel
 12282 | D:10     | Noticed Psyche
 12284 | D:10     | Killed Psyche
 12510 | D:11     | Reached skill level 9 in Spellcasting
 12823 | D:11     | Found a staircase to the Orcish Mines.
 12836 | D:11     | Reached skill level 16 in Earth Magic
 12905 | D:11     | Found a staircase to the Lair.
 12931 | D:11     | Noticed a two-headed ogre
 12936 | D:11     | Killed a two-headed ogre
 13105 | D:10     | Noticed a tengu warrior
 13106 | D:10     | Noticed a white ugly thing
 13110 | D:10     | Killed a tengu warrior
 13300 | D:10     | Noticed a two-headed ogre
 13327 | D:11     | Slain by a two-headed ogre

Illustrated notes

Levels and vault maps discovered:
D:1:      dpeg_arrival_pits, layout_basic
D:2:      layout_basic
D:3:      layout_basic, makhleb_altar_promises_db
D:4:      layout_rooms, uniq_menkaure, uniq_sigmund
D:5:      layout_cave_pools, mainiacjoe_overflow_alcove_4,
          minmay_temple_entry_mini_moons, serial_shops, shop, uniq_eustachio,
          uniq_blork_the_orc, uniq_edmund, uniq_ijyb
D:6:      layout_gridville, mainiacjoe_overflow_boulevard
D:7:      minmay_the_grid_octo_triangle [minmay_the_grid_octo_checkerflower,
          minmay_the_grid_octo_prize_single_spiral,
          minmay_the_grid_octo_clover], layout_basic,
          nzn_hepliaklqana_mist_gate, nicolae_elyvilon_peaceful_grove,
          eino_jars, uniq_pikel, uniq_maurice, uniq_duvessa
D:8:      layout_basic, nemelex_altar_shiori, nicolae_ru_awakened_eye
D:9:      layout_basic, vehumet_altar_wand_db, corner_web_ring
D:10:     cheibrodos_elevator_heist, layout_basic, zin_angel,
          nicolae_wu_jian_wuxing_cycle, hangedman_decor_peaks_small,
          kennysheep_decorative_pillar, dk_noncrumbling_4, st_stairs_12,
          uniq_psyche
D:11:     layout_loops_cross, lair_entry_dummy, david_orc_3,
          nicolae_water_bricks, lightli_wizard_tower
Temple:   minmay_temple_forest_path

Skill      XL: |  1  2  3  4  5  6  7  8  9 10 11 |
---------------+----------------------------------+-----
Spellcasting   | 2 3 4 5 6 8 9 |  9.3
Armour         | 1 2 3 4 6 |  6.2
Earth Magic    | 4 5 7 8 9 12 14 16 | 16.5
Dodging        | |  1.3
Stealth        | |  1.4
Conjurations   | |  0.8

Action                     |  1- 3 |  4- 6 |  7- 9 | 10-12 || total
---------------------------+-------+-------+-------+-------++-------
  Melee: Unarmed           |    22 |       |       |       ||    22
   Fire: Sling             |    15 |    61 |    82 |    71 ||   229
   Cast: Sandblast         |    58 |    70 |   139 |   125 ||   392
         Stone Arrow       |       |       |    11 |    21 ||    32
         Lee's Rapid Decon |       |       |    10 |    70 ||    80
  Evoke: Wand              |       |       |     1 |     3 ||     4
    Use: Scroll            |       |     7 |     4 |    13 ||    24
         Potion            |       |       |     6 |     1 ||     7
 Armour: Robe              |    12 |    28 |    91 |    75 ||   206
         Ring mail         |    17 |    29 |       |       ||    46
         Skin              |       |       |    82 |       ||    82
  Dodge: Dodged            |    37 |    35 |    93 |    53 ||   218

Table legend: (Time is in decaauts)
 A = Elapsed time spent in this place.
 B = Non-inter-level travel time spent in this place.
 C = Inter-level travel time spent in this place.
 D = Time resting spent in this place.
 E = Time spent auto-exploring this place.
 F = Levels seen in this place.
 G = Mean time per level.
                   A        B        C        D        E       F      G
               +--------+--------+--------+--------+--------+-----+--------+
         Total |  13648 |  12948 |    700 |   3608 |   7108 |  12 | 1137.3 |
       Dungeon |  13646 |  12946 |    700 |   3608 |   7108 |  11 | 1240.5 |
        Temple |      1 |      1 |      0 |      0 |      0 |   1 |    1.0 |
               +--------+--------+--------+--------+--------+-----+--------+

Top non-repeatable levels by time:
     D:7: 2280 daAuts
     D:6: 2055 daAuts
     D:8: 1433 daAuts
     D:1: 1335 daAuts
    D:10: 1298 daAuts
     D:9: 1077 daAuts
     D:4: 1021 daAuts
     D:3: 1001 daAuts
     D:2: 797 daAuts
    D:11: 728 daAuts
     D:5: 617 daAuts
  Temple: 1 daAuts
